Map: Dusk Towers

Players

RedNaxEla

  • Race: Zerg Zerg
  • League: Platinum

blackxored - Winner!

  • Race: Zerg Zerg
  • League: Diamond

VOD

Have the link to the VOD?

Description

Time

  • Played on: July 3, 2016, 7:50 p.m.
  • Length: 3:58
Show
View Real Time Build Order
Export as new Build Order

RedNaxEla Zerg 

Build Orders: Hatch First 

Get SALT Encoding   

  12  0:01  Drone  
  13  0:12  Overlord  
  13  0:19  Drone  
  14  0:23  Extractor  
  14  0:24  Drone  
  15  0:30  Drone  
  15  0:34  Drone  
  17  0:54  Hatchery  
  17  0:56  Drone  
  17  1:01  Extractor, Drone  
  17  1:16  Spawning Pool  
  16  1:19  Drone  
  16  1:22  Drone  
  18  1:29  Drone  
  19  1:40  Drone  
  19  1:46  Evolution Chamber  
  19  1:52  Drone  
  20  2:03  Queen  
  20  2:07  Metabolic Boost  
  22  2:09  Queen  
  22  2:11  Zergling x2  
  22  2:14  Zergling x2  
  26  2:18  Zergling x2  
  26  2:20  Zergling x2  
  28  2:26  Overlord  
  28  2:35  Baneling Nest  
  27  2:37  Zergling x2  
  28  2:53  Zergling x6  
  28  2:54  Zergling x2  
  28  2:57  Drone  
  24  3:28  Zergling x8  
  24  3:29  Zergling x8  
Show
View Real Time Build Order
Export as new Build Order

blackxored Zerg - Winner!

Build Orders: Pool First 

Get SALT Encoding   

  12  0:01  Drone  
  13  0:15  Extractor, Drone  
  13  0:19  Drone  
  14  0:32  Spawning Pool  
  13  0:38  Drone  
  14  0:45  Overlord  
  14  0:55  Extractor, Drone  
  15  1:07  Drone x2  
  17  1:11  Drone  
  18  1:21  Metabolic Boost  
  18  1:27  Queen  
  18  1:32  Zergling x2  
  21  1:35  Zergling x2  
  22  1:43  Baneling Nest  
  22  1:45  Zergling x2  
  22  1:50  Extractor  
  22  1:54  Zergling x2  
  23  2:04  Overlord  
  23  2:25  Hatchery  
  23  2:26  Zergling x2  
  23  2:27  Zergling x2  
  24  2:39  Baneling  
  24  2:40  Baneling x2  
  24  2:53  Zergling x6  
  24  2:57  Zergling x2  
  26  3:28  Zergling x8  
Tags
 
Add a new tag
Caveats
  • Supply blocks, unpowered buildings, or Contaminate may cause inaccurate times.
  • Supply counts are checked every 10 seconds.